 Dungeon Crawl Stone Soup version 0.31-a0-1612-g4aaf141004 (webtiles) character file.

Game seed: 17166552324241991261

8 AAAAAHH the Scratcher (level 2, 14/14 HPs)
             Began as a Felid Shapeshifter on Jan 10, 2024.
             Quit the game on level 1 of the Dungeon.
             The game lasted 00:04:53 (221 turns).

AAAAAHH the Scratcher (Felid Shapeshifter)           Turns: 221, Time: 00:04:53

Health: 14/14      AC:  1    Str: 10    XL:     2   Next: 0%
Magic:  3/3        EV: 17    Int: 13    God:
Gold:   19         SH:  0    Dex: 15    Spells: 1/1 levels left
                                        Lives:  0   Deaths: 1

rFire   . .          .
                       - Unarmed
rCold   . . .        (shield unavailable)
rNeg    . . .        (body armour unavailable)
rPois   .            (helmet unavailable)
rElec   .            (cloak unavailable)
rCorr   .            (gloves unavailable)
SInv    +            (boots unavailable)
Will    .....        (no amulet)
Stlth   +            (no ring)
HPRegen 0.22/turn    (no ring)
MPRegen 0.08/turn

%: no passive effects
@: beast-form
A: beast (slay +1), very small, claws 1, fangs 3, see invisible, shaggy fur 1,
stealthy paws, no weapons or thrown items, no armour, multi-lived
a: Begin Untransformation


You were on level 1 of the Dungeon.
You were a hulking beast.
You visited 1 branch of the dungeon, and saw 1 of its levels.

You collected 19 gold pieces.

Inventory:

Talismans
 b - a beast talisman
 c - a flux talisman
Potions
 a - a potion of lignification
 d - 2 potions of curing {unknown}


   Skills:
 + Level 1.0 Fighting
 + Level 2.9 Dodging
 + Level 0.2 Stealth
 + Level 3.2 Unarmed Combat
 + Level 2.9 Shapeshifting


You had one spell level left.
You didn't know any spells.
Your spell library was empty.

Dungeon Overview and Level Annotations

Branches:
Dungeon (1/15)

Altars:


Innate Abilities, Weirdness & Mutations

You are a hulking beast.
Your limbs bulge with bestial killing power. (Slay +1)
You have sharp claws.
You have razor-sharp teeth.
You have supernaturally acute eyesight. (SInv)
You are covered in fur. (AC +1)
Your paws help you pounce on unaware monsters.
You are incapable of wielding weapons or throwing items.
You cannot wear armour.
You gain extra lives every three experience levels.


Message History

There is an open door here.
An endoplasm comes into view.
A bat comes into view.
The rat misses you.
You barely miss the rat.
The endoplasm quivers.
You bite the rat.
You kill the rat!
A quokka comes into view.
You scratch the bat.
You kill the bat!
Things that are here:
a bat corpse; a rat corpse The endoplasm completely misses you.
Things that are here:
a bat corpse; a rat corpse You scratch the quokka.
The quokka is lightly wounded.
The quokka bites you. The endoplasm barely misses you.
You closely miss the quokka.
The quokka is lightly wounded.
The quokka bites you. The endoplasm freezes you.
You are frozen.
You die...
Your shape twists and changes as you die.
You rejoin the land of the living...
A bat comes into view.
Welcome back, AAAAAHH the Felid Shapeshifter.
Press ? for a list of commands and other information.
The bat completely misses you.
You barely miss the bat. The bat closely misses you. The bat misses you.
The bat misses you. The bat barely misses you.
You scratch the bat.
You kill the bat!
You have reached level 2!
Press: ? - help, v - describe, . - travel The floor.
Are you sure you want to abandon this character and quit the game? (Confirm with "yes".)

##+##
##...##
##.....##
##.......##
#.........#
+.h.......+
#.........#
##.......##
##.....##
##...##
##+##


There were no monsters in sight!

Vanquished Creatures
  2 bats (D:1)
  2 endoplasms (D:1)
  A giant cockroach (D:1)
  A kobold (D:1)
  2 rats (D:1)
8 creatures vanquished.

Notes
Turn   | Place    | Note
-------+----------+-------------------------------------------
     0 | D:1      | AAAAAHH the Felid Shapeshifter began the quest for the Orb.
     0 | D:1      | Reached XP level 1. HP: 10/10 MP: 2/2
    40 | D:1      | Found a faded altar of an unknown god.
   211 | D:1      | Frozen to death by an endoplasm
   211 | D:1      | Lost a life (0 lives remaining)
   218 | D:1      | Reached XP level 2. HP: 14/14 MP: 3/3
   221 | D:1      | Quit the game

Illustrated notes

Levels and vault maps discovered:
D:1:      ldierk_walled_garden_2, layout_loops_corners,
          chequers_ecumenical_altar_simple_redux

Action                     || total
---------------------------++-------
  Melee: Unarmed           ||    26
         Bite              ||     2
   Stab: Sleeping          ||     1
 Armour: Skin              ||     7
  Dodge: Dodged            ||    19

Table legend: (Time is in decaauts)
 A = Elapsed time spent in this place.
 B = Non-inter-level travel time spent in this place.
 C = Inter-level travel time spent in this place.
 D = Time resting spent in this place.
 E = Time spent auto-exploring this place.
 F = Levels seen in this place.
 G = Mean time per level.
                   A        B        C        D        E       F      G
               +--------+--------+--------+--------+--------+-----+--------+
         Total |    221 |     81 |    140 |      0 |      0 |   1 |  221.0 |
       Dungeon |    221 |     81 |    140 |      0 |      0 |   1 |  221.0 |
               +--------+--------+--------+--------+--------+-----+--------+

Top non-repeatable levels by time:
     D:1: 221 daAuts
